AoeStats
← westrem

Four Lakes

509448468Analyzed
1v1 RM · 7d ago on Sep 26, 2026· 36m 17s· 2 players
Game mode
Random Map
Map size
Tiny (2 player)
Population
200
Speed
Normal
Resources
Standard
Victory
Conquest
Starting age
Dark Age
Ending age
Imperial Age
RankedLock teamsTeams togetherTeam positionsShared explorationLock speedFull tech treeHidden civsTurbo modeCheats
Victory
Defeat
🇧🇷 Japanese · Brazil
1068
+16
🇨🇿 Saxons · Czechia
1066
-16
westrem
3:20 Loom
10:22 Feudal Age
11:03 Double-Bit Axe
12:22 Town Watch
19:05 Castle Age
17:10 Horse Collar
19:25 Scale Mail Armor
19:58 Forging
19:38 Man-at-Arms
20:45 Squires
21:04 Chain Mail Armor
20:50 Long Swordsman
23:18 Fletching
24:09 Bodkin Arrow
25:42 Murder Holes
27:37 Guard Tower
29:56 Gambesons
32:58 Iron Casting
34:01 Arson
LiPeaV
8:17 Loom
10:56 Feudal Age
11:47 Double-Bit Axe
18:58 Castle Age
18:23 Horse Collar
20:20 Bow Saw
20:44 Fletching
22:14 Bodkin Arrow
25:28 Ballistics
25:06 Town Watch
29:50 Imperial Age
27:22 Gold Mining
29:53 Thumb Ring
31:16 Parthian Tactics
31:21 Padded Archer Armor
33:10 Bracer
34:20 Leather Archer Armor
35:32 Chemistry
Connection lost

Rejoining the realm…

Still unreachable

The connection could not be restored.

Session expired

The server has moved on; the page needs a fresh start.